 Dungeon Crawl Stone Soup version 0.24.0-125-gc4c63601f3 (webtiles) character file.

Game seed: 8805090597664315762, levelgen mode: deterministic

63 MisterOstroum the Cutter (level 4, 0/29 HPs)
             Began as a Kobold Chaos Knight on Mar 13, 2020.
             Was a Plaything of Xom.
             Slain by a shadow imp (4 damage)
             ... summoned by Natasha
             ... on level 2 of the Dungeon.
             The game lasted 00:01:26 (1234 turns).

MisterOstroum the Cutter (Kobold Chaos Knight)      Turns: 1234, Time: 00:01:28

Health: 0/29       AC:  5    Str: 10    XL:     4   Next: 30%
Magic:  4/4        EV: 12    Int: 13    God:    Xom [..*...]
Gold:   117        SH:  7    Dex: 14    Spells: 3/3 levels left

rFire    . . .     SeeInvis .   a - +0 short sword (chaos)
rCold    . . .     Gourm    .   c - +0 shield
rNeg     . . .     Faith    .   b - +2 leather armour
rPois    .         Spirit   .   (no helmet)
rElec    .         Reflect  .   (no cloak)
rCorr    .         Harm     .   (no gloves)
MR       .....                  (no boots)
Stlth    ++........             (no amulet)
HPRegen  0.09/turn              (no ring)
MPRegen  0.09/turn              (no ring)

@: very slightly contaminated, invisible
A: small, carnivore
a: Renounce Religion


You were on level 2 of the Dungeon.
You worshipped Xom.
You were a toy of Xom.
You were very full.

You visited 1 branch of the dungeon, and saw 2 of its levels.

You collected 117 gold pieces.

Inventory:

Hand Weapons
 a - a +0 short sword of chaos (weapon)
Missiles
 f - 21 stones (quivered)
 o - 17 sling bullets
Armour
 b - a +2 leather armour (worn)
 c - a +0 shield (worn)
Scrolls
 d - a scroll of teleportation {unknown}
 h - a scroll of blinking {unknown}
 i - 2 scrolls of identify {unknown}
 j - a scroll of amnesia {unknown}
 l - a scroll of fog {unknown}
 n - a scroll of fear {unknown}
Potions
 g - a potion of degeneration {unknown}
 k - a potion of agility {unknown}
Comestibles
 e - 4 rations
 m - 5 chunks of flesh


   Skills:
 * Level 4.0 Fighting
 * Level 4.9 Short Blades
 - Level 0.7 Armour
 + Level 2.9 Dodging
 + Level 1.4 Stealth
 + Level 0.7 Shields


You had 3 spell levels left.
You didn't know any spells.
Your spell library was empty.

Dungeon Overview and Level Annotations

Branches:
Dungeon (2/15)

Altars:

Annotations:
D:2 Natasha


Innate Abilities, Weirdness & Mutations

You are small and have problems with some larger weapons.
You are carnivorous and can eat meat at any time.


Message History

A hobgoblin is nearby!
The hobgoblin hits you with a +0 short sword.
You hit the hobgoblin but do no damage.
The hobgoblin is moving more slowly.
You block the hobgoblin's attack.
You hit the hobgoblin.
The hobgoblin is heavily wounded.
The hobgoblin hits you but does no damage.
You hit the hobgoblin.
The hobgoblin seems to slow down.
The hobgoblin is almost dead.
The hobgoblin hits you but does no damage.
You hit the hobgoblin.
You kill the hobgoblin!
No target in view!
No target in view!
No target in view!
No target in view!
No target in view!
No target in view!
No target in view!
Things that are here:
a +0 short sword; a hobgoblin corpse You butcher the hobgoblin corpse.
m - 4 chunks of flesh (gained 2)
Things that are here:
a +0 short sword; a hobgoblin skeleton
Things that are here:
a +0 short sword; a hobgoblin skeleton
o - 17 sling bullets Natasha, Servant of Life and Death comes into view.
Natasha hisses angrily.
Natasha misses you.
Your shield and leather armour prevent you from hitting Natasha.
Natasha claws you.
You hit Natasha. You freeze Natasha.
Natasha is lightly wounded.
Natasha claws you but does no damage.
You hit Natasha. You freeze Natasha.
Natasha is heavily wounded.
Natasha barely misses you.
You hit Natasha but do no damage.
Natasha is heavily wounded.
Natasha growls.
You block Natasha's attack.
Your shield prevents you from hitting Natasha.
Natasha is heavily wounded.
Natasha mumbles some strange words.
Natasha shimmers violently.
Natasha casts a spell.
You completely miss Natasha.
Natasha is heavily wounded.
You block Natasha's attack.
You hit Natasha. You burn Natasha.
Natasha is almost dead. "Go forth and destroy!"
You feel better. The crimson imp hits you.
Unknown command.
You closely miss Natasha.
Natasha is almost dead.
Natasha claws you but does no damage. The crimson imp misses you.
Natasha claws you!
You hit Natasha. You freeze Natasha.
Natasha is almost dead.
The crimson imp barely misses you.
You hit Natasha. You freeze Natasha.
You kill Natasha!
Natasha growls in agony!
The crimson imp disappears in a puff of smoke!
Your Fighting skill increases to level 4!
You have reached level 4!
You see here the felid corpse of Natasha.
You butcher the felid corpse of Natasha.
m - 5 chunks of flesh (gained 1)
You see here the felid skeleton of Natasha.
Unknown command.
You hear a zap.
You hear a grinding noise.
You hear a zap.
You hear a grinding noise.
e - 4 rations (gained 1)
Found a scale mail.
Natasha, Servant of Life and Death comes into view.
Natasha hisses angrily.
Natasha mumbles some strange words. "Go forth and destroy!"
You fade into invisibility!
You are very lightly contaminated with residual magic.
The shadow imp gestures at you. Pain shoots through your body!
The shadow imp hits you but does no damage.
Natasha stares at you and mumbles some strange words.
The magic dart hits you.
You hit Natasha. You burn Natasha.
Natasha is heavily wounded.
Natasha claws you. You block the shadow imp's attack.
Your shield and leather armour prevent you from hitting Natasha.
Natasha is heavily wounded.
Natasha growls.
Natasha claws you!
* * * LOW HITPOINT WARNING * * *
The shadow imp hits you.
You die...
Xom snickers!

#.############.##.##
####..........)...#....
......###......#.#.....
####.####.######......
#.#....#####......
####÷..####.......#...
..............!#..# ##
......####.###.h..#
.#.........# #.#@#..#
.#......######.5.# #
.#.....## #[..##
.......######..###.#
..###.....#........#
#................###
###÷..............#
..................#
###.................


You could see Natasha and a shadow imp.

Vanquished Creatures
  Natasha (D:2)
  A dart slug (D:1)
  2 leopard geckos (D:1)
  4 bats
  2 giant cockroaches (D:1)
  6 goblins (D:1)
  6 hobgoblins
  3 jackals (D:1)
  A kobold (D:1)
  3 rats (D:1)
29 creatures vanquished.

Notes
Turn   | Place    | Note
-------+----------+-------------------------------------------
     0 | D:1      | MisterOstroum the Kobold Chaos Knight began the quest for
                  | the Orb.
     0 | D:1      | Reached XP level 1. HP: 14/14 MP: 1/1
   128 | D:1      | Reached XP level 2. HP: 19/19 MP: 2/2
   158 | D:1      | XOM: harmless Tloc miscast
   198 | D:1      | XOM: harmless Conj miscast
   465 | D:1      | Reached XP level 3. HP: 24/24 MP: 3/3
   654 | D:1      | Reached skill level 1 in Stealth
  1092 | D:2      | Noticed Natasha
  1102 | D:2      | XOM: potion effect (curing)
  1105 | D:2      | Killed Natasha
  1105 | D:2      | Reached XP level 4. HP: 19/29 MP: 4/4
  1222 | D:2      | Noticed Natasha
  1228 | D:2      | XOM: potion effect (invisibility)
  1234 | D:2      | Slain by a shadow imp

Levels and vault maps discovered:
D:1:      evilmike_arrival_plus, layout_basic, st_stairs_14, minivault_24
D:2:      layout_rooms, first_ration, uniq_natasha

Skill      XL: |  1  2  3 |
---------------+----------+-----
Stealth        | 1 |  1.4
Fighting       | 4 |  4.0
Short Blades   | |  4.9
Armour         | |  0.7
Dodging        | |  2.9
Shields        | |  0.7

Action                   |  1- 3 |  4- 6 || total
-------------------------+-------+-------++-------
Melee: Short sword       |   116 |     2 ||   118
 Stab: Sleeping          |     2 |       ||     2
       Petrifying        |     1 |       ||     1
  Eat: Chunk             |     9 |       ||     9
Armor: Leather armour    |    37 |     1 ||    38
Dodge: Dodged            |    44 |       ||    44
Block: Shield            |    35 |     1 ||    36
